 Dungeon Crawl Stone Soup version 0.28-a0-1206-g193881aaa2 (webtiles) character file.

Game seed: 18394969407671856890

246 avis the Skirmisher (level 6, -2/85 HPs)
             Began as a Hill Orc Monk on Dec 20, 2021.
             Was a Follower of Beogh.
             Slain by Pikel (5 damage)
             ... on level 4 of the Dungeon.
             The game lasted 00:16:40 (3120 turns).

avis the Skirmisher (Hill Orc Monk)                 Turns: 3120, Time: 00:16:41

Health: -2/85      AC: 23    Str: 16    XL:     6   Next: 11%
Magic:  5/7        EV:  2    Int: 10    God:    Beogh [*.....]
Gold:   224        SH:  0    Dex: 13    Spells: 4/6 levels left

rFire   . . .      SeeInvis .     - Unarmed
rCold   . . .      Faith    .   (no shield)
rNeg    . . .      Spirit   .   (armour currently unavailable)
rPois   +          Reflect  .   (helmet currently unavailable)
rElec   .          Harm     .   (cloak currently unavailable)
rCorr   .          Rampage  .   (gloves currently unavailable)
Will    .....      NoTele   +   (boots currently unavailable)
Stlth   ++........              (no amulet)
HPRegen 0.24/turn               (no ring)
MPRegen 0.10/turn               (no ring)

@: tree-form
A: stationary, stasis, torment immunity, boosted hp
a: Renounce Religion


You were on level 4 of the Dungeon.
You worshipped Beogh.
Beogh was aware of your devotion.
You were a tree.
You visited 1 branch of the dungeon, and saw 5 of its levels.

You collected 224 gold pieces.

Inventory:

Hand Weapons
 b - a +0 hunting sling
 o - a +0 dagger of venom
 x - a +0 vorpal hand axe
 y - a +0 halberd
 z - a +0 spear
Missiles
 g - 9 poisoned darts (quivered)
 j - 78 stones
 n - 68 arrows
 t - 9 sling bullets
Armour
 a - a +0 robe
 d - a +0 ring mail
 e - a +0 ring mail
 f - a +0 plate armour
 i - a +0 leather armour (melded)
 r - a +0 pair of gloves (melded)
Scrolls
 h - 3 scrolls of identify {unknown}
 k - a scroll of noise {unknown}
 s - 3 scrolls of enchant weapon {unknown}
 u - a scroll of immolation {unknown}
 v - a scroll of fear {unknown}
 w - a scroll of amnesia {unknown}
 B - a scroll of blinking {unknown}
Potions
 c - a potion of curing {unknown}
 l - a potion of lignification {unknown}
 m - a potion of ambrosia {unknown}
 p - 2 potions of haste {unknown}
 q - a potion of heal wounds {unknown}
 A - 2 potions of invisibility {unknown}


   Skills:
 * Level 5.9 Fighting
 - Level 2.4 Dodging
 - Level 1.5 Stealth
 - Level 5.0 Unarmed Combat
 + Level 0.8 Spellcasting
 + Level 0.9 Translocations
 + Level 1.9 Invocations


You had 4 spell levels left.
You knew the following spells:

 Your Spells              Type           Power      Damage    Failure   Level
a - Blink                 Tloc           4%         N/A       34%         2

Your spell library contained the following spells:

 Spells                   Type           Power      Damage    Failure   Level
 Lesser Beckoning         Tloc           2%         N/A       56%         3
 Manifold Assault         Tloc           2%         N/A       100%        5


Dungeon Overview and Level Annotations

Branches:
Dungeon (5/15)             Temple (0/1) D:4

Altars:
Ashenzari
Cheibriados
Gozag
Kikubaaqudgha
Sif Muna
Vehumet
Yredelemnul

Shops:
D:1 *

Annotations:
D:4 Pikel


Message History

You hit Pikel but do no damage.
Pikel is heavily wounded.
Pikel hits you with a +2 whip of electrocution.
* * * LOW HITPOINT WARNING * * *
Unknown command.
You closely miss Pikel.
Pikel is heavily wounded.
Unknown command.
You barely miss Pikel.
Pikel is heavily wounded.
Pikel hits you but does no damage.
You are electrocuted!
* * * LOW HITPOINT WARNING * * *
Pikel zaps a wand.
You turn into a tree.
Your +0 pair of gloves melds into your body.
Your +0 leather armour melds into your body.
Your roots penetrate the ground.
Throw: 12 darts (poison)
Press: ? - help, Q - select action, (/) - cycle Shift-Dir - straight line, f/p - Pikel
Aim: Pikel, wielding a +2 whip of electrocution, wearing a +0 robe and carrying a wand of polymorph (6) (severely wounded, poisoned, 51% to hit)
You throw a poisoned dart. The poisoned dart hits Pikel.
Pikel looks even sicker.
Pikel is severely wounded.
Throw: 11 darts (poison)
Press: ? - help, Q - select action, (/) - cycle Shift-Dir - straight line, f/p - Pikel
Aim: Pikel, wielding a +2 whip of electrocution, wearing a +0 robe and carrying a wand of polymorph (6) (severely wounded, very poisoned, 51% to hit)
You throw a poisoned dart. The poisoned dart hits Pikel.
Pikel looks even sicker.
Pikel is severely wounded.
Pikel zaps a wand.
You resist with some effort.
Throw: 10 darts (poison)
Press: ? - help, Q - select action, (/) - cycle Shift-Dir - straight line, f/p - Pikel
Aim: Pikel, wielding a +2 whip of electrocution, wearing a +0 robe and carrying a wand of polymorph (5) (severely wounded, very poisoned, 51% to hit)
You throw a poisoned dart. The poisoned dart hits Pikel.
Pikel looks as sick as possible!
Pikel is severely wounded.
Pikel hits you but does no damage.
You hit Pikel but do no damage.
Pikel is almost dead.
Pikel hits you with a +2 whip of electrocution.
You die...

#...:. #.#.# . #.#..## #.#.# .5
#..... #.#.# .#. #.#.# #.#.#
..r.## #...#######.#.#
#.#5..####..##........#
#.###.(...(>(55.......#
##...###....###K5......##########
#........#..# #.♣................
#..>..##....# #........##########
......#.....###..............
#...##.##....#.......###### ##
#........##.#.#.######## .
#.###....##............. ...
#....####.#.######.# #.#.# #....#
#.#.###### # .. #....# #........#


You could see Pikel (extremely poisoned) and 3 lemures.

Vanquished Creatures
  A scorpion (D:4)
  A water moccasin zombie (D:5)
  6 adders
  2 dart slugs
  4 worms
  An orc (D:3)
  4 endoplasms (D:2)
  A giant cockroach (D:4)
  3 goblins
  4 hobgoblins
  2 jackals (D:1)
  5 kobolds
  5 quokkas
  8 ball pythons
  6 bats
  4 frilled lizards
  3 rats
60 creatures vanquished.

Vanquished Creatures (others)
  A lemure (D:3)
  3 orcs (D:3)
  5 fungi (D:3)
  9 plants (D:3)
18 creatures vanquished.

Grand Total: 78 creatures vanquished

Notes
Turn   | Place    | Note
-------+----------+-------------------------------------------
     0 | D:1      | avis the Hill Orc Monk began the quest for the Orb.
     0 | D:1      | Reached XP level 1. HP: 19/19 MP: 1/1
   261 | D:1      | Reached XP level 2. HP: 26/26 MP: 2/2
   462 | D:1      | Found Fufoif's General Store.
   916 | D:2      | Found a shimmering blue altar of Sif Muna.
   930 | D:2      | Reached XP level 3. HP: 34/34 MP: 3/3
  1114 | D:2      | Reached skill level 5 in Fighting
  1153 | D:2      | Reached XP level 4. HP: 27/42 MP: 4/4
  1690 | D:3      | Reached skill level 5 in Unarmed Combat
  1854 | D:3      | Found a faded altar of an unknown god.
  1894 | D:3      | Became a worshipper of Beogh the Brigand
  1894 | D:3      | Reached * piety under Beogh
  1894 | D:3      | Reached ** piety under Beogh
  1953 | D:3      | Reached XP level 5. HP: 11/48 MP: 5/5
  2319 | D:3      | Found a snail-covered altar of Cheibriados.
  2347 | D:3      | Found a basalt altar of Yredelemnul.
  2350 | D:3      | Found a broken altar of Ashenzari.
  2351 | D:3      | Found a radiant altar of Vehumet.
  2352 | D:3      | Found an opulent altar of Gozag.
  2355 | D:3      | Found an ancient bone altar of Kikubaaqudgha.
  2440 | D:3      | Learned a level 2 spell: Blink
  2530 | D:4      | Reached skill level 1 in Invocations
  2761 | D:4      | Noticed a lemure
  2830 | D:3      | Killed a lemure
  2929 | D:4      | Found a staircase to the Ecumenical Temple.
  2936 | D:4      | Noticed Pikel
  2936 | D:4      | Noticed a lemure
  2936 | D:4      | Noticed a lemure
  2949 | D:5      | Entered Level 5 of the Dungeon
  2974 | D:5      | Reached XP level 6. HP: 38/57 MP: 7/7
  3114 | D:4      | HP: 1/57 [Pikel (12)]
  3120 | D:4      | Slain by Pikel

Illustrated notes

Levels and vault maps discovered:
D:1:      minmay_arrival_hallway, layout_basic, serial_shops,
          nicolae_shop_hallway_plus, minmay_pentomino_x4
D:2:      layout_rooms, basic_altar, kennysheep_path_1
D:3:      layout_rooms, minitemple, shapermc_ecumenical_altar_mp_ritualfount
D:4:      layout_basic, minmay_temple_entry_slanted,
          gammafunk_ghost_abyssal_escape, uniq_pikel
D:5:      layout_loops_corners, mrwooster_statue_mirror,
          kennysheep_decorative_pillar

Skill      XL: |  1  2  3  4  5 |
---------------+----------------+-----
Unarmed Combat | 4 5 |  5.0
Fighting       | 4 5 |  5.9
Invocations    | 1 |  1.9
Dodging        | |  2.4
Stealth        | |  1.5
Spellcasting   | |  0.8
Translocations | |  0.9

Action                   |  1- 3 |  4- 6 || total
-------------------------+-------+-------++-------
Melee: Unarmed           |    85 |   104 ||   189
       Punch             |     2 |     1 ||     3
 Fire: Hunting sling     |    23 |    42 ||    65
Throw: Dart              |     1 |    12 ||    13
Invok: Convert to Beogh  |       |     1 ||     1
       Smiting           |       |     2 ||     2
 Stab: Sleeping          |     3 |       ||     3
Armor: Ring mail         |     3 |       ||     3
       Robe              |     1 |       ||     1
       Plate armour      |    37 |    64 ||   101
       Leather armour    |       |     6 ||     6
       Skin              |       |     1 ||     1
Dodge: Dodged            |    23 |    44 ||    67

Table legend: (Time is in decaauts)
 A = Elapsed time spent in this place.
 B = Non-inter-level travel time spent in this place.
 C = Inter-level travel time spent in this place.
 D = Time resting spent in this place.
 E = Time spent auto-exploring this place.
 F = Levels seen in this place.
 G = Mean time per level.
                   A        B        C        D        E       F      G
               +--------+--------+--------+--------+--------+-----+--------+
         Total |   3100 |   3017 |     83 |    958 |   1002 |   5 |  620.0 |
       Dungeon |   3100 |   3017 |     83 |    958 |   1002 |   5 |  620.0 |
               +--------+--------+--------+--------+--------+-----+--------+

Top non-repeatable levels by time:
     D:3: 1054 daAuts
     D:1: 868 daAuts
     D:2: 802 daAuts
     D:4: 229 daAuts
     D:5: 145 daAuts
